[Event "XTX Markets London Masters 2024"]
[Site "London"]
[Date "2024.11.30"]
[Round "2.1"]
[White "Kistrup, Nicolai"]
[Black "Sadhwani, Raunak"]
[Result "0-1"]
[ECO "B22"]
[WhiteElo "2420"]
[BlackElo "2677"]
[Annotator "TA"]
[PlyCount "108"]
[EventDate "2024.11.28"]
[EventType "swiss"]
[EventCountry "ENG"]
[SourceTitle "playchess.com"]
[Source "ChessBase"]
[SourceQuality "1"]
[TimeControl "40/5400+30:1800+30"]

1. e4 c5 2. Nf3 e6 3. c3 d5 4. exd5 Qxd5 5. d4 Nf6 6. Na3 Qd8 7. dxc5 {[%emt 0:08:40] B22: Sicilian: 2 c3.} Qxd1+ 8. Kxd1 Bxc5 9. Nb5 Na6 10. b4 Bxf2 11. a4 Nd5 $146 ({Predecessor:} 11... Ke7 12. Kc2 Bd7 13. Kb3 Bc6 14. Ra2 Bb6 15. a5 Bc7 16. Be3 Nd5 17. Bd4 f6 18. Nxa7 {0-1 Kollars,D (2643)-Andreikin,D (2729) Titled Tuesday intern op 28th Jun Early blitz 2022 (6)}) 12. Bd3 Be3 13. Ba3 O-O 14. Kc2 Bd7 15. Kb3 Rfd8 16. Rhe1 Bc6 17. Nbd4 Be8 18. b5 Nac7 19. Rad1 Bh6 (19... Bf2 $15 20. Re2 Bxd4) 20. Nc2 g5 21. c4 Nf4 22. Bf1 Ng6 23. g4 (23. Rxd8 $14 Rxd8 24. Ne3) 23... f6 24. Bd6 ({Better is} 24. Rxd8 $11 Rxd8 25. Bc5) 24... Rac8 $15 25. c5 Bf8 26. Bc4 Bf7 27. Nb4 Nf4 28. h4 Ng2 29. Re2 (29. Bxc7 Rxd1 30. Rxd1 Rxc7) 29... Nxh4 30. Nxh4 gxh4 31. Red2 Bh6 32. Rd3 Ne8 (32... Bf8 33. c6 Rxd6 34. Rxd6 Bxd6 35. Rxd6 $11) 33. Be7 (33. a5 $1 $15) 33... Rxd3+ $19 34. Rxd3 (34. Nxd3 $142 e5 35. Nf2) 34... Rc7 $19 35. c6 Rxe7 36. Rd7 Kf8 ({Wrong is} 36... Rxd7 $2 37. cxd7 h3 38. Bf1 $18 (38. d8=B $2 h2 $19)) 37. cxb7 Bf4 ({And not} 37... Rxd7 38. b8=Q $11 (38. b8=B $2 e5 $19)) 38. Rxe7 Kxe7 39. a5 Kd7 40. b6 axb6 41. axb6 (41. Bb5+ $142 Kc7 42. a6) 41... Bb8 42. Na6 Kc6 43. Nxb8+ Kxb7 44. Nd7 h3 (44... Kc8 $19 45. Nf8 Nd6) 45. Bf1 $17 {[%emt 0:00:41] [#]} e5+ $1 46. Kc3 (46. Kb4 $17) 46... Bd5 $19 47. Bxh3 {[%emt 0:00:38] [#]} h6 $1 48. Kd3 Kc6 49. Nf8 Kxb6 50. Ng6 $2 (50. Bf1) 50... Kc5 $19 51. Ke3 Bf7 52. Ne7 Be6 53. g5 $2 (53. Kf3) 53... hxg5 $19 54. Bxe6 Kd6 0-1

[Event "XTX Markets London Masters 2024"]
[Site "London"]
[Date "2024.11.30"]
[Round "2.2"]
[White "Golding, Alex"]
[Black "Zhang, Pengxiang"]
[Result "0-1"]
[ECO "B48"]
[WhiteElo "2404"]
[BlackElo "2567"]
[Annotator "TA"]
[PlyCount "104"]
[EventDate "2024.11.28"]
[EventType "swiss"]
[EventCountry "ENG"]
[SourceTitle "playchess.com"]
[Source "ChessBase"]
[SourceQuality "1"]
[TimeControl "40/5400+30:1800+30"]

1. e4 c5 2. Nf3 e6 3. d4 cxd4 4. Nxd4 Nc6 5. Nc3 Qc7 6. Be3 a6 7. Nxc6 dxc6 {[%emt 0:05:24] B48: Sicilian: Taimanov: 5 Nc3 Qc7 6 Be3 a6 without Be2.} 8. Qf3 Nf6 9. Qg3 e5 10. Be2 Be6 11. O-O $146 ({Predecessor:} 11. f4 Qa5 12. O-O-O exf4 13. Bxf4 Rc8 14. Rhe1 b5 15. e5 b4 16. exf6 bxc3 17. Bc4 gxf6 18. Qg4 {1-0 Lie,K (2528)-Brunello,S (2560) Olympiad-41 Tromsoe 2014 (6.4)}) 11... h5 12. h4 Ng4 13. Na4 Nxe3 14. Qxe3 Be7 15. g3 g6 16. Rfd1 O-O 17. Kg2 Rad8 18. Nb6 Rxd1 19. Rxd1 Rd8 (19... Bxa2 $2 20. Rd7 Qb8 21. Rxe7 $18) 20. Rxd8+ Bxd8 21. Nc4 b5 22. Nd2 Bxa2 23. Nb3 {[%emt 0:04:48] [#]} (23. Qa3 $1 $15 Qa5 24. Qd6) 23... a5 $1 $19 24. Qc3 b4 (24... a4 $19 25. Nc1 Be6) 25. Qd3 $17 Kg7 26. Qd1 $2 (26. Nc5 $17) 26... Qb6 $2 (26... a4 $19 27. Nc5 a3 28. bxa3 bxa3) 27. Qd6 $15 Qc7 $2 (27... Bxb3 $15 28. cxb3 Bc7) 28. Qd1 $1 $19 a4 29. Nc5 Qa7 30. Nxa4 Qxa4 31. b3 (31. Qxd8 Qxc2 32. Bxh5 Qxb2 (32... gxh5 33. Qg5+ Kh7 34. Qxh5+ Kg7 35. Qg5+ Kf8 36. Qd8+ Kg7 37. Qg5+ Kf8 38. Qd8+ Kg7 39. Qg5+ $11) (32... Qxe4+ 33. Bf3 $17) 33. Bxg6 fxg6 $19) 31... Qa5 32. Bc4 Bb6 33. Qd7 Qa7 34. Qxc6 Bxf2 35. Qd6 Bd4 36. Qxb4 Bb1 37. Bd3 (37. Qd2 $19) 37... Qa1 (37... Bxc2 $142 38. Bxc2 Qa1 39. Qxd4 exd4 (39... Qxd4 {leads to mate.} 40. Kh1 Qc3 41. Kg2 Qxc2+ 42. Kf3 Qd2 43. b4 f5 44. b5 f4 45. gxf4 exf4 46. b6 Qe3+ 47. Kg2 Qe2+ 48. Kg1 f3 49. Kh1 Qg2#) 40. Bd3 Qb2+ 41. Kf3 Qxb3 42. Ke2 Qb2+ 43. Kd1 Qa1+ 44. Kd2 Qc3+ (44... Qg1 $2 45. e5 $19) 45. Ke2 Qc1 46. Ba6 Qe3+ 47. Kd1 d3 (47... Qxe4 {gets mated.} 48. Kd2 Qe3+ 49. Kc2 Qc3+ 50. Kb1 Qb3+ 51. Kc1 Qa3+ 52. Kd2 Qxa6 53. Kc2 Qe2+ 54. Kb3 d3 55. Kb4 d2 56. Kc5 d1=Q 57. g4 Qec2+ 58. Kb6 Qdb1+ 59. Ka7 Qa4#) 48. Bxd3 Qxd3+ 49. Kc1 Kf6 (49... Qxe4 50. Kb2 Qf3 51. Kc2 Kf6 52. Kd2 Ke5 53. Kc2 Kd4 54. Kb2 Kd3 55. Kb3 Qb7+ 56. Ka4 Kc4 57. Ka5 Qb5#) (49... Qxg3 50. Kd2 g5 51. hxg5 h4 52. Ke2 h3 53. g6 h2 54. gxf7 h1=Q 55. f8=B+ Kxf8 56. Kd2 Qhe1+ 57. Kc2 Qgc3#) 50. e5+ Kxe5 51. Kb2 Kd4 (51... Qxg3 52. Kc2 Kd4 53. Kb2 Kc4 54. Kc1 Qf2 55. Kb1 Kc3 56. Kc1 Qg1#) 52. g4 Qc3+ (52... hxg4 53. h5 gxh5 54. Kc1 Qe2 55. Kb1 Kc3 56. Kc1 Qf1#) 53. Kb1 Qd2 (53... hxg4 54. h5 Qb3+ 55. Kc1 Kc3 56. hxg6 Qc2#) 54. gxh5 Kc3 55. hxg6 Qb2#) 38. Qe1 $19 Qb2 39. Qd1 Ba2 40. Kh3 Qc3 41. Kg2 Be3 42. Kf3 Bb6 43. Kg2 Qb2 44. Kh3 Qd4 45. Qf3 Qf2 46. Qd1 Bd4 47. Bc4 Bc3 48. Qf1 Qxf1+ ({Worse is} 48... Qxc2 49. Qxf7+ Kh6 50. Qf8+ Kh7 51. Qg8+ Kh6 52. Qh8#) 49. Bxf1 Bb1 50. Bd3 Be1 51. g4 Kf6 52. gxh5 gxh5 0-1

[Event "XTX Markets London Masters 2024"]
[Site "London"]
[Date "2024.11.30"]
[Round "2.3"]
[White "Petrov, Martin"]
[Black "Roberson, Peter T"]
[Result "0-1"]
[ECO "A06"]
[WhiteElo "2548"]
[BlackElo "2432"]
[Annotator "TA"]
[PlyCount "52"]
[EventDate "2024.11.28"]
[EventType "swiss"]
[EventCountry "ENG"]
[SourceTitle "playchess.com"]
[Source "ChessBase"]
[SourceQuality "1"]
[TimeControl "40/5400+30:1800+30"]

1. Nf3 d5 2. e3 c5 3. b3 Nc6 4. Bb5 f6 5. c4 d4 6. b4 e5 7. d3 Nge7 8. bxc5 {[%emt 0:02:20] Black must now prevent exd4. The position is equal.} Nf5 9. g4 (9. e4 $5 Nfe7 $8 10. O-O $11) 9... Nfe7 10. exd4 exd4 11. Qe2 Bxg4 12. Nbd2 {[%emt 0:00:02] [#]} (12. Bxc6+ $1 $11 bxc6 13. Nbd2) 12... Qd7 (12... Qc7 $1 $17 {aiming for ...0-0-0.} 13. h3 (13. Bxc6+ Qxc6 14. Rg1 h5 $17) 13... Bh5) 13. Ne4 O-O-O 14. Nd6+ Kb8 15. Rb1 (15. Rg1 $1 $11 {remains equal.} Ka8 16. Rxg4 Qxg4 17. Nf7) 15... Ng6 $17 16. Bxc6 $2 {[%emt 0:20:39] White does not recover from this.} (16. Qe4 $17 Ka8 (16... Bxd6 17. Bxc6 Bxf3 18. Qxf3 $11) 17. Bxc6 (17. Nxd4 $2 Bxd6 18. Nxc6 Rhe8 $19) 17... Qxc6 18. Qxg4 Bxd6 (18... Qxc5 $2 19. Nxb7 Re8+ 20. Be3 $18) (18... Ne5 19. Qe4 $11) 19. O-O (19. cxd6 $2 Ne5 $19) 19... Bxc5 20. Re1) 16... Qxc6 $19 17. Nxb7 {[%emt 0:00:05] [#]} (17. Rxb7+ $2 Ka8 18. Rg1 Bxf3 $19) 17... Kc8 18. Nxd8 Kxd8 19. Qb2 (19. Rb8+ Kc7 20. Rg1 Bxf3 $19 (20... Qxf3 $2 21. Qxf3 Bxf3 22. Rb5 $19)) 19... Bxc5 {[%emt 0:05:01] Strongly threatening ...Re8+.} (19... Qxf3 20. Qxd4+ Kc7 21. Kd2 Qxh1 22. Qxg4 Bxc5 (22... Qxh2 $2 23. Qf3 $19) 23. Qg3+ Kd7 24. Qg4+ Ke7 25. d4) 20. Qb8+ (20. Nxd4 $2 Qxh1+ 21. Kd2 Qd1+ (21... Qxh2 $2 22. Nc6+ Ke8 23. Kc3 $19) 22. Kc3 Qe1+ 23. Qd2 Bxd4+ 24. Kb4 Re8 $19 (24... Bxf2 $2 25. Qxe1 Bxe1+ 26. Ka3 $19)) (20. Qb7 $142 Qxb7 (20... Bxf3 $2 21. Qxc6 Bxc6 22. Rb8+ Ke7 23. Rxh8 $19) (20... Qxf3 $2 21. O-O $19) (20... Re8+ $2 21. Kd2 $19) 21. Rxb7 Bxf3 22. Rb8+ Ke7 23. Rxh8 Nxh8 24. Rg1) 20... Kd7 {[%emt 0:00:01] Black is clearly winning.} ({Not} 20... Bc8 21. O-O (21. Qg3 $2 Bd6 $19) 21... Qxf3 22. Rb5 $19) 21. Rb7+ Ke6 22. Qc7 (22. Qg3 $142 Qxf3 (22... Bxf3 $2 23. Rc7 $19) 23. O-O Qxg3+ (23... Qxb7 $2 24. Qxg4+ Kf7 25. Re1 $19) 24. hxg3) 22... Bxf3 {[%emt 0:02:56] This pair of bishops is nice.} ({And not} 22... Qxf3 23. O-O Ne5 24. Re1 $11) 23. O-O Qxb7 24. Qxc5 Ne5 {[%emt 0:00:25] ...Qf7 would now be deadly.} 25. Qxd4 Be2 {[%emt 0:00:41][%csl LRd3,LRf1] ( -> ...Nf3+)} 26. f4 Bxf1 {[%emt 0:00:13] Weighted Error Value: White=0.74/Black=0.05 (flawless) .  Loses game:     	White=1     	---        Mistake:       	White=4     	Black=1      Inaccurate:     	White=2     	---        OK:         	White=6     	Black=7      Best:        	---       	Black=4} ({Weaker is} 26... Nxd3 27. Qe3+ Kf7 28. Qxe2 $17) 0-1

[Event "XTX Markets London Masters 2024"]
[Site "London"]
[Date "2024.11.30"]
[Round "2.4"]
[White "Efroimski, Marsel"]
[Black "Fier, Alexandr"]
[Result "1/2-1/2"]
[ECO "B51"]
[WhiteElo "2397"]
[BlackElo "2544"]
[Annotator "TA"]
[PlyCount "71"]
[EventDate "2024.11.28"]
[EventType "swiss"]
[EventCountry "ENG"]
[SourceTitle "playchess.com"]
[Source "ChessBase"]
[SourceQuality "1"]
[TimeControl "40/5400+30:1800+30"]

1. e4 c5 2. Nf3 d6 3. Bb5+ Nd7 4. O-O a6 5. Be2 Ngf6 6. d3 e6 7. c4 b6 8. Nc3 {[%emt 0:00:53] The position is equal.} Bb7 9. Nd2 g6 10. f4 Bg7 11. Bf3 Qc7 12. Qe1 O-O 13. Qh4 {[%emt 0:01:41] [#]} b5 $1 14. cxb5 axb5 15. Nxb5 Qb6 16. Nc3 (16. a4 $11 {remains equal.} d5 17. e5) 16... d5 (16... c4+ $17 17. Qf2 cxd3 18. Qxb6 Nxb6) 17. Kh1 $11 Qa6 18. e5 Ne8 19. Qe7 Qc6 20. Nc4 (20. Qh4 $11) 20... Nc7 ({Better is} 20... Qc8 $17 21. Na3 Ra6) 21. Nd6 {[%emt 0:08:57] Black must now prevent Nxb7.} Ba6 22. Rd1 (22. Be3 $5) 22... Ne8 {[%emt 0:10:58] [#]} 23. Nc4 $1 Qc8 24. a4 Rb8 {[%emt 0:06:54] Prevents a5} 25. Na3 Nc7 (25... Nef6 $5 26. Ncb5 (26. exf6 Bxf6 27. Nxd5 exd5 $15) 26... Ne8 $16) 26. Qh4 Rb3 27. Qf2 d4 28. Ncb5 Bxb5 (28... Nxb5 $11 {and Black is okay.} 29. Nxb5 Bxb5 30. axb5 Rxb5) 29. axb5 $18 Nxb5 {[%emt 0:01:40] [#]} 30. Nc4 (30. Qc2 $1 $18 {[%cal Rc2b3] and White stays clearly on top.} Rxa3 31. bxa3) 30... Nc7 $16 31. Qc2 Rb8 32. Nd6 Qd8 33. Nb7 {[%emt 0:02:02] White is much more active.} (33. Bd2 $16) 33... Qc8 $1 $11 34. Nd6 Qd8 35. Nb7 Qc8 36. Nd6 {[%emt 0:00:36] Weighted Error Value: White=0.27 (precise) /Black=0.21 (precise) .  Loses game:     	---       	Black=1      Mistake:       	White=4     	Black=2      Inaccurate:     	White=3     	Black=2      OK:         	White=8     	Black=12     Best:        	---       	Black=2      Strong:       	---       	Black=1} 1/2-1/2

[Event "XTX Markets London Masters 2024"]
[Site "London"]
[Date "2024.11.30"]
[Round "2.7"]
[White "Badacsonyi, Stanley"]
[Black "Ghasi, Ameet K"]
[Result "1/2-1/2"]
[ECO "E73"]
[WhiteElo "2298"]
[BlackElo "2503"]
[Annotator "TA"]
[PlyCount "73"]
[EventDate "2024.11.28"]
[EventType "swiss"]
[EventCountry "ENG"]
[SourceTitle "playchess.com"]
[Source "ChessBase"]
[SourceQuality "1"]
[TimeControl "40/5400+30:1800+30"]

1. d4 Nf6 2. c4 g6 3. Nc3 Bg7 4. e4 d6 5. Be2 O-O 6. Be3 Nc6 7. d5 Ne5 8. f4 Neg4 9. Bd2 Nh6 $1 {[%emt 0:00:16] The position is equal.} 10. Nf3 c6 11. h3 {[%emt 0:03:59] Threatening g4.} cxd5 12. cxd5 e6 13. dxe6 $1 fxe6 14. Qb3 Nh5 15. Bc4 Qe7 (15... Ng3 $11 16. Rg1 (16. Bxe6+ Bxe6 17. Qxe6+ Nf7 $15) 16... Bxc3 17. Bxc3 (17. Bxe6+ Bxe6 18. Qxe6+ Nf7 $15) 17... Rxf4) 16. Ne2 $14 Nf6 17. e5 {[%emt 0:19:09] White is more active.} (17. Ng5 $1 $16) 17... Ne4 $1 $11 18. exd6 Qxd6 {[%emt 0:04:45][%cal Ob7b5] Strongly threatening ...b5!} (18... Nxd6 $5 19. Bd3 b6 $11) 19. Bb4 Nc5 $1 (19... Qb6 20. Bxf8 Qf2+ 21. Kd1 Bxf8 22. Ned4 $18 (22. Bxe6+ Kh8 $15)) 20. Qa3 (20. Rd1 $5 Qb6 21. Qa3 $14) 20... b6 21. Rd1 Qc6 22. O-O Nf5 $1 23. Rfe1 Bb7 24. Bxc5 (24. Nc3 $11) 24... bxc5 $15 25. Qb3 Rf6 (25... Kh8 $1 $15) 26. Rd2 Kh8 27. Kh2 Rb8 28. Bb5 Qb6 {[%emt 0:00:37] White must now prevent ...Bxf3.} 29. Ne5 {[%emt 0:01:18] [#]} (29. Bc4 $1 $15) 29... Bd5 $2 {[%emt 0:01:37] A strong pair of Bishops.} ({Black should try} 29... c4 $1 $19 30. Qb4 (30. Nxc4 $2 Qf2 $19) (30. Qxc4 $2 Bd5 $19) (30. Bxc4 $2 Qf2 $19) 30... Qf2) 30. Bc4 Qc7 {[%emt 0:00:29] Dodges Nd7} 31. Qd3 (31. Qc3 $15 Rd8 32. b4) 31... Ne7 ({Better is} 31... Rd8 $17 {Hoping for ...Rff8.} 32. Bxd5 Rxd5 (32... exd5 33. Rc1 $17)) 32. g3 Rf5 33. Ng4 {[%emt 0:01:35] [#]} (33. Bxd5 $11 exd5 34. Nc3) 33... Bxc4 (33... Bxb2 $2 {is the wrong capture.} 34. Rxb2 Rxb2 35. Qc3+ e5 36. Qxb2 $18 (36. Bxd5 Rxe2+ 37. Rxe2 Nxd5 $16)) (33... g5 $1 $17 {[%cal Rg5f4] ...gxf4 would now be deadly.} 34. Ne3 Rff8 35. Bxd5 exd5) 34. Qxc4 $11 Rd5 35. Rc2 h5 (35... Bxb2 $2 {loses.} 36. Rxb2 Nf5 (36... Rxb2 $2 37. Qc3+ e5 38. Qxb2 $18) 37. Qc3+ Ng7 38. Rxb8+ Qxb8 39. Nf6 $18 (39. Ng1 h5 $18)) (35... Rxb2 $142 36. Rxb2 Bxb2) 36. Ne3 Rd6 {[%emt 0:00:10] [#]} 37. b4 $1 {[%emt 0:01:40] Weighted Error Value: White=0.30/Black=0.23 (precise) .  Loses game:     	White=1     	---        Missed win:     	---       	Black=1      Mistake:       	White=4     	Black=5      Inaccurate:     	White=5     	Black=2      OK:         	White=9     	Black=10     Best:        	White=1     	---        Strong:       	White=1     	Black=4} 1/2-1/2

[Event "XTX Markets London Masters 2024"]
[Site "London"]
[Date "2024.11.30"]
[Round "2.8"]
[White "Harvey, Marcus R"]
[Black "Thorfinnsson, Bjorn"]
[Result "1-0"]
[ECO "A29"]
[WhiteElo "2491"]
[BlackElo "2370"]
[Annotator "TA"]
[PlyCount "131"]
[EventDate "2024.11.28"]
[EventType "swiss"]
[EventCountry "ENG"]
[SourceTitle "playchess.com"]
[Source "ChessBase"]
[SourceQuality "1"]
[TimeControl "40/5400+30:1800+30"]

1. c4 e5 2. Nc3 Nf6 3. g3 d5 4. cxd5 Nxd5 5. Bg2 Nf6 6. Nf3 Nc6 7. O-O h6 8. d3 Bd6 9. Nd2 Ne7 10. Nc4 O-O 11. Nxd6 Qxd6 12. Qc2 c6 13. Bd2 Ned5 14. a3 Nxc3 15. bxc3 Bg4 16. Rfe1 Rfd8 17. f3 Bf5 18. Be3 b6 19. Bf2 c5 20. e4 Bg6 (20... Qxd3 $2 21. Qxd3 Rxd3 22. exf5 $18) 21. Red1 Qc7 22. a4 Ne8 23. a5 Nd6 24. Qa2 Rab8 25. d4 cxd4 26. cxd4 exd4 27. axb6 (27. Bxd4 Nc4 $11) (27. Rac1 $16 Qe7 28. Rxd4 (28. Bxd4 Nb5 $11)) 27... axb6 $14 28. Rxd4 b5 29. Qb3 Nc4 30. Rxd8+ Qxd8 31. Rd1 Qc8 32. Rd5 Qb7 {[%emt 0:03:45] [#]} ({Don't blunder} 32... b4 $2 33. Rc5 Qe6 34. Rxc4 $18 (34. Qxc4 Qxc4 35. Rxc4 b3 $18)) (32... Kh7 $14) 33. Bf1 ({Better is} 33. f4 $1 $16) 33... Kh8 34. Bxc4 bxc4 35. Qxc4 f5 36. Rd6 $1 (36. exf5 $2 {loses.} Bf7 37. Qf4 Bxd5 $19) 36... fxe4 37. Rxg6 Qb1+ 38. Qf1 e3 $1 39. Re6 exf2+ 40. Kg2 (40. Kxf2 {simplifies} Qxf1+ 41. Kxf1 Rb1+ 42. Kf2) 40... Qc2 41. Re2 ({Of course not} 41. Qxf2 Qxf2+ 42. Kxf2 Rb2+ 43. Re2 Rb1 $11) 41... Qc3 42. Qxf2 Rd8 43. Qa7 (43. g4 {simplifies} Kh7 44. Re3 Rd3 45. Rxd3 Qxd3 46. h4) 43... Rd2 44. Qa8+ (44. Rxd2 {simplifies} Qxd2+ 45. Qf2 Qa5 46. Qe3) 44... Kh7 45. Qe4+ Kh8 46. Rxd2 Qxd2+ 47. Kh3 Qd7+ 48. Kh4 ({White should play} 48. Qg4 $1 $14 Qf7 49. Qe4) 48... Qd8+ $1 $11 49. Kg4 Qg5+ (49... Qc8+ $1 $11 50. Kh5 Qd8) 50. Kh3 $14 Qd8 51. Qe6 Qd2 52. f4 ({White should try} 52. Qf7 $14) 52... Qd3 53. Kh4 Qc2 54. h3 Kh7 55. f5 Qc3 (55... Qd2 $11 56. Qg6+ Kh8) 56. Qg6+ Kh8 57. Kh5 (57. Qe8+ $1 $14 Kh7 58. Qe4) 57... Qf3+ 58. Qg4 Qe3 59. h4 Qe8+ 60. Qg6 Qe5 61. g4 Qd5 $2 {[%emt 0:07:13][%mdl 8192] [#]} (61... Qd4 $11) 62. Qe6 $1 Qd4 $2 (62... Qf3 $11) 63. g5 hxg5 64. hxg5 Qd8 65. Kg6 Qb8 66. Qc6 1-0

[Event "XTX Markets London Masters 2024"]
[Site "London"]
[Date "2024.11.30"]
[Round "2.10"]
[White "Gonzalez Garcia, Jose"]
[Black "Derakhshani, Borna"]
[Result "1/2-1/2"]
[ECO "D30"]
[WhiteElo "2465"]
[BlackElo "2355"]
[Annotator "TA"]
[PlyCount "56"]
[EventDate "2024.11.28"]
[EventType "swiss"]
[EventCountry "ENG"]
[SourceTitle "playchess.com"]
[Source "ChessBase"]
[SourceQuality "1"]
[TimeControl "40/5400+30:1800+30"]

1. d4 d5 2. c4 e6 3. Nf3 c6 4. e3 Nf6 5. b3 Bb4+ 6. Nbd2 O-O 7. Bb2 Nbd7 8. Bd3 b6 9. O-O Bb7 10. a3 Bd6 11. b4 c5 12. cxd5 exd5 13. dxc5 bxc5 14. bxc5 Nxc5 15. Nb3 Nxd3 16. Qxd3 Ne4 17. Qd4 f6 18. Rfd1 Re8 19. Qa4 Be5 (19... Rb8 $11) 20. Bd4 a5 21. Rac1 Kh8 {[%emt 0:07:37] [#]} (21... Bd6 $11 {keeps the balance.}) 22. Nc5 ({White should try} 22. Bxe5 $1 $16 fxe5 23. Nc5 Nxc5 24. Rxc5) 22... Nxc5 $14 23. Rxc5 Bd6 24. Rc3 Qe7 25. Rdc1 Qf7 26. Bc5 Be5 {[%emt 0:00:25] A strong pair of Bishops.} 27. Bd4 {[%emt 0:00:18] and Bxe5 would now be decisive} Bd6 28. Bc5 Be5 1/2-1/2

[Event "XTX Markets London Masters 2024"]
[Site "London"]
[Date "2024.11.30"]
[Round "2.11"]
[White "Li, Wenxiang"]
[Black "Wadsworth, Matthew J"]
[Result "0-1"]
[ECO "E11"]
[WhiteElo "2145"]
[BlackElo "2461"]
[Annotator "TA"]
[PlyCount "112"]
[EventDate "2024.11.28"]
[EventType "swiss"]
[EventCountry "ENG"]
[SourceTitle "playchess.com"]
[Source "ChessBase"]
[SourceQuality "1"]
[TimeControl "40/5400+30:1800+30"]

1. d4 Nf6 2. c4 e6 3. Nf3 Bb4+ 4. Nbd2 O-O 5. a3 Be7 6. e4 d6 7. Bd3 e5 8. O-O exd4 9. Nxd4 Re8 10. b4 a5 11. Rb1 Nfd7 12. Bb2 Bf6 13. Qb3 axb4 14. axb4 c5 15. Nb5 Bxb2 16. Qxb2 Ne5 17. Be2 Nbc6 18. bxc5 dxc5 19. Rbd1 Qb6 20. Qc3 (20. Qb3 $14) 20... Nd4 (20... Ra2 {feels hotter.} 21. Rfe1 Nd4 22. Nxd4 cxd4 23. Qb3 Qa7) 21. Nxd4 cxd4 22. Qb3 Qc5 {[%emt 0:00:25][%cal Od4d3] Black has more active pieces.} 23. Qc2 Nc6 24. Nb3 Qb6 25. c5 Qb4 26. Bc4 Be6 27. Bd5 Ra3 28. Rb1 Qa4 29. Qd1 d3 30. Bxe6 fxe6 31. Qxd3 Rd8 32. Qh3 Nd4 33. Qh4 Ne2+ 34. Kh1 Rf8 35. Qg4 (35. Qe7 $1 $14 Nf4 (35... Qxe4 $2 36. Nd2 $18) 36. Nd2 (36. Qxb7 Ra2 $11)) 35... Nf4 $11 36. Nd2 Rf7 37. Nf3 Qxe4 38. Rfe1 Qd5 39. Rbd1 (39. c6 $11 Nd3 40. Qxe6 Qxc6 41. Qxc6 bxc6 42. Re8+ Rf8 43. Re2) 39... Nd3 $15 (39... Qxc5 40. Ng5 Rf8 (40... Nd3 $2 41. Rxd3 Rxd3 42. Nxf7 $18) 41. Nxe6 Nxe6 42. Qxe6+ Kh8 43. f3 $11) 40. Kg1 Qxc5 41. Re3 $2 (41. Rf1 $15) 41... Qc2 $1 $19 42. Rf1 {[%emt 0:00:00][%cal Of3e1] [#] Ne1! is the strong threat.} Ra1 $1 43. Rxa1 (43. Qg3 Rxf1+) 43... Qxf2+ 44. Kh1 {[%emt 0:00:00] Ra8+ would kill now.} Qxe3 $40 {[%emt 0:00:09][%mdl 128] Black wants a kill.} 45. Qh4 $2 (45. Ra8+ Rf8 46. Rxf8+ Kxf8 47. Qh4 Qc1+ 48. Ng1) 45... Rf8 $2 (45... Rxf3 46. Ra8+ Kf7 (46... Rf8 $2 47. Rxf8+ Kxf8 48. h3 $19) 47. Qh5+ Ke7 48. Qe8+ Kf6 (48... Kd6 49. Qb8+ Kc6 50. Qc8+ Kd6 51. Qb8+ Kd5 52. Qxb7+ Ke5 53. Qxg7+ Rf6 54. Qc7+ Ke4 55. Ra4+ Kf5 56. Qxh7+ Rg6 57. Qf7+ Kg5 58. Qe7+ Rf6 59. Qg7+ Rg6 60. Qe7+ Rf6 61. Qg7+ Rg6 62. Qe7+ $11) 49. Qf8+ Kg6 50. gxf3 Nf4 51. Qxf4 Qxf4) 46. h3 b5 47. Qd4 {[%emt 0:00:00] [#]} Qxd4 $1 (47... Rxf3 $2 48. Ra8+ Kf7 49. Ra7+ Kg6 50. Qxg7+ (50. Rxg7+ $2 Kh6 $19) 50... Kf5 51. Rf7+ (51. gxf3 Qxf3+ 52. Qg2 Qe3 $14) (51. Qxh7+ Ke5 $11) 51... Ke4 52. Rxf3 (52. gxf3+ Kd5 $14) 52... Qc1+ 53. Kh2 $18) 48. Nxd4 {[%emt 0:00:00][%mdl 4096] Endgame KRN-KRN. Black is two pawns up.} b4 49. Nxe6 Rb8 {[%emt 0:00:10] And now ...b3 would win.} 50. Nd4 b3 51. Kh2 $2 (51. Nxb3 {is the only way for White.} Rxb3 52. Ra8+ Kf7 53. Ra7+ Kg6 54. Ra6+ Kh5 55. Ra7) 51... b2 52. Rb1 Rc8 53. Nb3 Rc3 54. Nd2 Rc2 55. Nb3 Nf4 56. Kg3 Ne2+ ({And not} 56... Nxg2 57. Nd4 Rd2 58. Nf3 $11) 0-1

[Event "XTX Markets London Masters 2024"]
[Site "London"]
[Date "2024.11.30"]
[Round "2.12"]
[White "Korneev, Oleg"]
[Black "Dong, Bao Nghia"]
[Result "1-0"]
[ECO "B90"]
[WhiteElo "2459"]
[BlackElo "2247"]
[Annotator "TA"]
[PlyCount "89"]
[EventDate "2024.11.28"]
[EventType "swiss"]
[EventCountry "ENG"]
[SourceTitle "playchess.com"]
[Source "ChessBase"]
[SourceQuality "1"]
[TimeControl "40/5400+30:1800+30"]

1. e4 c5 2. Nf3 d6 3. d4 cxd4 4. Nxd4 Nf6 5. Nc3 a6 6. Be3 e5 7. Nf3 Be7 8. Bc4 O-O 9. O-O Be6 10. Bb3 Nc6 11. Bg5 Nd7 12. Bxe7 Qxe7 13. Nd5 Bxd5 14. Bxd5 Kh8 15. c3 Nc5 16. Nd2 f5 17. exf5 Rxf5 18. Ne4 Nxe4 $1 19. Bxe4 Rf4 20. Qd3 d5 21. Bxd5 $18 (21. Qxd5 Rd8 22. Qc4 Nd4 $16) 21... Rd8 {[%emt 0:01:28] [#]} 22. g3 ({White should play} 22. Rad1 $1 $18) 22... Nb4 $16 23. Qe2 (23. cxb4 Rd4 24. Qc2 R4xd5 $16) 23... Nxd5 24. gxf4 Nxf4 {[%emt 0:00:10] [#]} 25. Qg4 $2 {[%emt 0:00:01] Prevents Qg5.} (25. Qe4 $1 $16) 25... h5 $15 {[%emt 0:00:17][%mdl 1024] Black has compensation.} 26. Qf3 Rd3 $36 {[%emt 0:00:17][%mdl 2048] Black is more active.} 27. Qe4 Qg5+ 28. Kh1 Rh3 {[%emt 0:00:09] ( -> ...Qh4)} 29. Rae1 $1 (29. Qxb7 Rxh2+ 30. Kxh2 Qh4+ 31. Kg1 Qg4+ 32. Kh2 Qh3+ 33. Kg1 Ne2#) 29... Qh4 30. Re3 {[%emt 0:00:15] Black must now prevent Rxh3.} Rxh2+ 31. Kg1 Rh3 ({Black should play} 31... b5 $15) 32. Rfe1 $11 Qg4+ 33. Kf1 Rh2 {[%emt 0:00:23] and ...Qh4 would now be decisive} 34. Rg3 {[%emt 0:04:47] Chess con chili.} Qd7 $2 (34... Nh3 $1 $11 {and Black is okay.} 35. Rxh3 Qxh3+ 36. Kg1 Qh4 37. Qxh4 Rxh4) 35. Kg1 $1 $18 (35. Qxe5 $2 {is a self mate.} Rh1+ 36. Rg1 Qh3#) 35... h4 $2 (35... Rh4 36. Qxe5 Kg8 37. Qe8+ Qxe8 38. Rxe8+ Kf7) 36. Rxg7 ({Inferior is} 36. Kxh2 hxg3+ 37. fxg3 Qh3+ 38. Kg1 Qxg3+ 39. Kf1 Qh3+ 40. Kg1 Qg3+ 41. Kf1 Qh3+ 42. Kg1 Qg3+ $11) 36... Qxg7+ 37. Kxh2 {[%emt 0:00:02][%mdl 4096] Endgame KQR-KQN} Ng6 38. Rg1 Kh7 39. Qf5 Qh6 40. Rg5 Qg7 {[%emt 0:00:35] Inhibits Qf7.} 41. Rh5+ (41. a4 $142 e4 42. Qxe4 Qf6 43. Rh5+ (43. Qxb7+ Kh6 $18) 43... Kg8 44. Qd5+ (44. Qxb7 Qxf2+ 45. Qg2 Qxg2+ 46. Kxg2 Nf4+ 47. Kh2 Nxh5 $19) 44... Kg7 45. Qxb7+ Ne7 46. Kg1) 41... Kg8 42. Rg5 (42. b4 $18) 42... Kh7 43. a4 e4 44. Qxe4 Kh6 {[%emt 0:00:00] [#]} 45. Rxg6+ $1 1-0